 Dungeon Crawl Stone Soup version 0.17-a0-1880-gacf7e67 (webtiles) character file.

534 4thArraOfDagon the Chopper (level 7, 6/91 HPs)
             Began as a Minotaur Berserker on Sept 21, 2015.
             Was a Believer of Trog.
             Quit the game on level 12 of the Dungeon.
             The game lasted 00:04:01 (610 turns).

4thArraOfDagon the Chopper (Minotaur Berserker)      Turns: 610, Time: 00:04:01

Health: 6/91       AC:  3    Str: 29    XL:     7   Next: 4%
Magic:  6/6        EV: 12    Int:  4    God:    Trog [**....]
Gold:   89         SH:  0    Dex:  9    Spells: 0 memorised, 6 levels left

rFire  . . .     SeeInvis .     e - +0 war axe
rCold  . . .     Clarity  .     b - +0 animal skin
rNeg   . . .     SustAt   .     (no shield)
rPois  .         Gourm    .     (helmet restricted)
rElec  .         Spirit   .     h - +0 cloak
rCorr  .         Warding  .     (no gloves)
rMut   .         Stasis   .     (no boots)
MR     ++...                    (no amulet)
Stlth  ..........               (no ring)
                                (no ring)

@: berserking, regenerating, very quick, very resistant to hostile enchantments,
extremely unstealthy
A: retaliatory headbutt, horns 2
a: Burn Spellbooks, Berserk, Trog's Hand, Renounce Religion


You were on level 12 of the Dungeon.
You worshipped Trog.
Trog was pleased with you.
You were not hungry.

You visited 1 branch of the dungeon, and saw 9 of its levels.

You collected 89 gold pieces.

Inventory:

Hand weapons
 e - a +0 war axe (weapon)
Armour
 b - a +0 animal skin (worn)
 d - a +0 scale mail
 h - a +0 cloak (worn)
Scrolls
 g - 2 scrolls of amnesia
Comestibles
 c - a bread ration
 f - a slice of pizza


   Skills:
 + Level 5.6 Fighting
 * Level 7.4 Axes
 + Level 5.0 Armour
 - Level 2.1 Dodging


You had 6 spell levels left.
You didn't know any spells.

Dungeon Overview and Level Annotations

Branches:
Dungeon (12/15)
 Temple: D:4-7         Lair: D:8-11         Orc: D:9-12

Altars:
Vehumet

Shops:
D:12 }

Portals:
Ice
Cave: D:12


Innate Abilities, Weirdness & Mutations

You reflexively headbutt those who attack you in melee.
You have a pair of horns on your head.


Message History

Your Armour skill increases to level 5!
You have reached level 7!
You slash something! You barely miss the white imp.
The white imp is moderately wounded.
You hit the orc.
The orc is lightly wounded.
You slash the white imp!
You kill the white imp!
Trog accepts your kill. Something hits you!
* * * LOW HITPOINT WARNING * * *
Something hits you.
* * * LOW HITPOINT WARNING * * *
The white imp hits you.
* * * LOW HITPOINT WARNING * * *
The white imp freezes you.
* * * LOW HITPOINT WARNING * * *
Unknown command.
Unknown command.
Are you sure you want to abandon this character and quit the game? (Confirm with "yes".)

..## #>.#
.#.#.####.∩.#
...........#
.##..........#
....#........#
#....∩.....##
#...5o55.....
#..e5D55...##
#.o.)@.5.....
#.########...
o. # #


You could see a four-headed hydra, a deep elf mage, 7 white imps and 2 orcs.

Vanquished Creatures
  An orc warrior (D:12)
  3 giant frogs
  A jelly (D:5)
  Crazy Yiuf (D:7)
  A hound (D:5)
  An orc wizard (D:5)
  2 orc priests
  A worker ant (D:8)
  5 white imps (D:12)
  An ooze (D:1)
  8 orcs
  4 giant cockroaches
  A goblin (D:1)
  2 hobgoblins (D:1)
  A kobold (D:2)
  4 bats (D:1)
  A giant gecko skeleton (D:4)
  A quokka skeleton (D:5)
  A rat (D:1)
40 creatures vanquished.

Notes
Turn   | Place    | Note
--------------------------------------------------------------
     0 | D:1      | 4thArraOfDagon the Minotaur Berserker began the quest for the Orb.
     0 | D:1      | Reached XP level 1. HP: 19/19 MP: 0/0
    48 | D:1      | Reached skill level 4 in Axes
    48 | D:1      | Reached XP level 2. HP: 26/26 MP: 1/1
   124 | D:2      | You fall through a shaft!
   203 | D:5      | Entered Level 5 of the Dungeon
   232 | D:5      | Reached XP level 3. HP: 33/33 MP: 2/2
   280 | D:5      | Reached skill level 5 in Axes
   280 | D:5      | Reached XP level 4. HP: 40/40 MP: 3/3
   284 | D:5      | Acquired Trog's second power
   292 | D:5      | Noticed a centaur
   298 | D:5      | Reached XP level 5. HP: 43/47 MP: 4/4
   365 | D:6      | Noticed an orc warrior
   366 | D:6      | Found a radiant altar of Vehumet.
   373 | D:7      | Reached skill level 6 in Axes
   378 | D:7      | Reached skill level 5 in Fighting
   378 | D:7      | Reached XP level 6. HP: 31/56 MP: 5/5
   493 | D:7      | Noticed Crazy Yiuf
   497 | D:7      | Killed Crazy Yiuf
   602 | D:9      | You fall through a shaft!
   602 | D:12     | Found a frozen archway.
   602 | D:12     | Found Oteeka's Gadget Boutique.
   602 | D:12     | Noticed a four-headed hydra
   603 | D:12     | ROTFL
   604 | D:12     | Noticed a deep elf mage
   607 | D:12     | Reached skill level 7 in Axes
   609 | D:12     | Reached skill level 5 in Armour
   609 | D:12     | Reached XP level 7. HP: 20/61 MP: 6/6
   610 | D:12     | Quit the game

Vault maps used:
D:1:      mainiacjoe_arrival_reflecting_pool
D:2:      lemuel_doored_altar, nicolae_overflow_hidden_temple,
          lightli_temple_of_fire, zin_scriptorium, lemuel_round_altar,
          first_bread, uniq_robin
D:4:      lemuel_coloured_pillars_altar, kennysheep_mini, serial_shops, shop,
          hangedman_abyss_or_decor_slice, kennysheep_doodads, minmay_liquid_box,
          serial_park_tiny_2, st_stairs_8, uniq_eustachio
D:6:      vehumet_crystals, minmay_temple_entry_enclosed_plants, serial_shops,
          nicolae_shop_waterfront, okawaru_altar_gauntlet_db
D:7:      grunt_livestock, uniq_crazy_yiuf_cottage, uniq_joseph
D:8:      evilmike_ruin_ashenzari, corexii_corridor_pit, uniq_gastronok
D:9:      lemuel_crystal_altar, serial_shops, kennysheep_little_box
D:12:     portal_ice_cave_entry_imps, serial_shops, shop, uniq_kirke

Action                   |  1- 3 |  4- 6 |  7- 9 || total
-------------------------+-------+-------+-------++-------
Melee: Hand axe          |    22 |       |       ||    22
       War axe           |    14 |    19 |       ||    33
Invok: Berserk           |     4 |     4 |       ||     8
       Trog's Hand       |       |     1 |       ||     1
  Use: Scroll            |       |     2 |       ||     2
 Stab: Sleeping          |     1 |       |       ||     1
  Eat: Chunk             |     1 |     6 |       ||     7
